 Dungeon Crawl Stone Soup version 0.18.1-50-g88ac8fd (webtiles) character file.

46 Nordron the Changer (level 3, 0/23 HPs)
             Began as an Octopode Transmuter on Oct 1, 2016.
             Slain by a rat (2 damage)
             ... on level 1 of the Dungeon.
             The game lasted 00:03:10 (1165 turns).

Nordron the Changer (Octopode Transmuter)           Turns: 1165, Time: 00:03:10

Health: 0/23       AC:  1    Str:  9    XL:     3   Next: 68%
Magic:  5/6        EV: 12    Int: 15    God:
Gold:   16         SH:  6    Dex: 13    Spells: 1 memorised, 5 levels left

rFire  . . .     SeeInvis .     f - +0 dagger (curse)
rCold  . . .     Gourm    .     (no shield)
rNeg   . . .     Faith    .     (helmet restricted)
rPois  .         Spirit   .     d - +6 amulet of reflection
rElec  .         Dismiss  .     (no ring)
rCorr  .         Reflect  +     (no ring)
SustAt .         Harm     .     (no ring)
MR     .....                    (no ring)
Stlth  ++........               (no ring)
                                (no ring)
                                (no ring)
                                (no ring)

@: appendage, not resistant to hostile enchantments, unstealthy
A: almost no armour, amphibious, 8 rings, constrict 8, tentacle spike 3,
camouflage 1, gelatinous body 1
a: End Transformation


You were on level 1 of the Dungeon.
You were not hungry.
One of your tentacles had a temporary spike.
You visited 1 branch of the dungeon, and saw 1 of its levels.

You collected 16 gold pieces.

Inventory:

Hand Weapons
 f - a cursed +0 dagger (weapon)
 k - a +2 dagger of speed
Missiles
 a - 30 arrows
Jewellery
 d - a +6 amulet of reflection (around mantle)
Scrolls
 g - a scroll of identify
 j - a scroll of enchant armour
Books
 b - a book of Changes

   Spells                             Type                      Level
   a - Beastly Appendage              Transmutation                1
   b - Sticks to Snakes               Transmutation                2
   c - Spider Form                    Transmutation/Poison         3
   d - Ice Form                       Ice/Transmutation            4
   e - Blade Hands                    Transmutation                5
Comestibles
 c - a bread ration
 h - a beef jerky
 i - 2 chunks of flesh


   Skills:
 - Level 1.0 Fighting
 - Level 2.0 Dodging
 - Level 3.0 Unarmed Combat
 - Level 2.0 Spellcasting
 * Level 3.9 Transmutations


You had 5 spell levels left.
You knew the following spells:

 Your Spells              Type           Power        Failure   Level  Hunger
a - Beastly Appendage     Trmt           ##....       6%          1    #......


Dungeon Overview and Level Annotations

Branches:
Dungeon (1/15)

Altars:


Innate Abilities, Weirdness & Mutations

You cannot wear most types of armour.
You are amphibious.
You can wear up to eight rings at the same time.
You can use your tentacles to constrict eight enemies at once.
Your skin changes colour to match your surroundings (Stealth).
Your rubbery body absorbs attacks (AC +1).
One of your tentacles bears a large vicious spike.


Message History

The ooze barely misses you.
You barely miss the ooze.
You pierce the ooze.
The ooze is almost dead.
The ooze hits you.
* * * LOW HITPOINT WARNING * * *
You completely miss the ooze.
You pierce the ooze.
You kill the ooze!
You hit the giant cockroach. You grab the giant cockroach.
You pierce the giant cockroach, but do no damage.
The giant cockroach is moderately wounded.
Your tentacle spike disappears.
You constrict the giant cockroach. The giant cockroach bites you.
* * * LOW HITPOINT WARNING * * *
You hit the giant cockroach.
You kill the giant cockroach!
Casting: Beastly Appendage
Confirm with . or Enter, or press ? or * to list all spells.
One of your tentacles grows a vicious spike.
The rat bites you.
You die...

....# ....# ######### ...##
############.......#
..######..................#
#........###'#######'###..#
#........#..⌠...>...⌠..#..#
#........#......<......#..#
#.......('⌠....###....⌠+..#
.......(.#......@......#).#
#........#######r#######..#
#........#,,,.JJJr..,,,#..#
#........#,.....r.....,#..#
###.####.#.............#..#
.........###############..#
.....###.........)........#
(....# ###..##...########.#
(....# ###.###..### ###.#


You could see 3 oozes and 3 rats.

Vanquished Creatures
  3 oozes (D:1)
  A dart slug (D:1)
  A giant gecko (D:1)
  6 giant cockroaches (D:1)
  5 goblins (D:1)
  4 hobgoblins (D:1)
  A jackal (D:1)
  A bat (D:1)
  A giant newt (D:1)
  3 kobolds (D:1)
  3 rats (D:1)
29 creatures vanquished.

Notes
Turn   | Place    | Note
--------------------------------------------------------------
     0 | D:1      | Nordron the Octopode Transmuter began the quest for the Orb.
     0 | D:1      | Reached XP level 1. HP: 13/13 MP: 3/3
     1 | D:1      | Found a runed door.
   138 | D:1      | Reached XP level 2. HP: 17/18 MP: 3/5
   718 | D:1      | Reached XP level 3. HP: 12/23 MP: 6/6
  1163 | D:1      | HP: 1/23 [giant cockroach (2)]
  1165 | D:1      | Slain by a rat

Skill      XL: |  1  2 |
---------------+-------+-----
Transmutations | 3 |  3.9
Fighting       | |  1.0
Dodging        | |  2.0
Unarmed Combat | |  3.0
Spellcasting   | |  2.0

Action                   || total
-------------------------++-------
Melee: Unarmed           ||    16
       Constrict         ||    22
       Kick              ||    17
       Tentacles         ||    14
       Dagger            ||    55
       Punch             ||     3
 Cast: Beastly Appendage ||    16
  Use: Scroll            ||     4
 Stab: Sleeping          ||     4
  Eat: Chunk             ||     1
Armor: Skin              ||     2
Dodge: Dodged            ||    19
Block: Other             ||    15
       Reflection        ||     1
